 Dungeon Crawl Stone Soup version 0.24-a0-513-g284f782df5 (webtiles) character file.

Game seed: 6900129524969632458

215 nikopol the Magician (level 5, -10/28 HPs)
             Began as a Deep Elf Fire Elementalist on July 20, 2019.
             Killed by divine providence
             ... invoked by an orc priest
              (11 damage)
             ... on level 4 of the Dungeon.
             The game lasted 00:07:15 (2940 turns).

nikopol the Magician (Deep Elf Fire Elementalist)   Turns: 2940, Time: 00:07:16

Health: -10/28     AC:  4    Str:  7    XL:     5   Next: 60%
Magic:  7/13       EV: 15    Int: 21    God:
Gold:   216        SH:  3    Dex: 15    Spells: 3/13 levels left

rFire    . . .     SeeInvis .   o - staff of earth
rCold    . . .     Gourm    .   y - +0 buckler
rNeg     . . .     Faith    .   a - +0 robe
rPois    .         Spirit   .   r - +1 helmet
rElec    .         Reflect  .   (no cloak)
rCorr    .         Harm     .   (no gloves)
MR       .....                  (no boots)
Stlth    ++........             (no amulet)
HPRegen  0.09/turn              e - +2 ring of strength
MPRegen  0.13/turn              h - +3 ring of evasion

@: very slightly contaminated, lightly drained
A: no striking features
a: no special abilities


You were on level 4 of the Dungeon.
You were very hungry.

You visited 1 branch of the dungeon, and saw 4 of its levels.

You collected 216 gold pieces.

Inventory:

Armour
 a - a +0 robe (worn)
 r - a +1 helmet (worn)
 v - the +4 ring mail of Vahuep {rC+ Stlth+}
   (You found it on level 4 of the Dungeon)

   It protects you from cold.
   It makes you more stealthy.
 y - a +0 buckler (worn)
Magical Staves
 o - an uncursed staff of earth (weapon)
Jewellery
 e - a +2 ring of strength (left hand)
 h - a +3 ring of evasion (right hand)
Wands
 u - a wand of digging (6)
Scrolls
 b - 2 scrolls of teleportation {unknown}
 d - 2 scrolls of magic mapping {unknown}
 g - 3 scrolls of enchant armour {unknown}
 k - 4 scrolls of enchant weapon {unknown}
 l - a scroll of blinking {unknown}
 m - 4 scrolls of fear {unknown}
 p - a scroll of amnesia {unknown}
 s - a scroll of remove curse {unknown}
 t - 2 scrolls of identify {unknown}
 w - a scroll of random uselessness {unknown}
Potions
 f - 2 potions of agility {unknown}
 i - a potion of heal wounds {unknown}
 j - 2 potions of brilliance {unknown}
 n - 3 potions of curing {unknown}
 q - a potion of lignification {unknown}
 x - a potion of might {unknown}
Comestibles
 c - 8 rations


   Skills:
 * Level 1.0(0.6) Armour
 + Level 2.9(2.4) Dodging
 + Level 3.2(2.7) Stealth
 + Level 4.5(4.0) Spellcasting
 + Level 3.5(3.0) Conjurations
 + Level 4.3(3.8) Fire Magic


You had 3 spell levels left.
You knew the following spells:

 Your Spells              Type           Power        Failure   Level  Hunger
a - Flame Tongue          Conj/Fire      ###..        4%          1    None
b - Throw Flame           Conj/Fire      ###...       8%          2    #......
c - Conjure Flame         Conj/Fire      ###.....     14%         3    ###....
d - Sticky Flame          Conj/Fire      ###.....     43%         4    ####...

Your spell library contained the following spells:

 Spells                   Type           Power        Failure   Level  Hunger
 Inner Flame              Hex/Fire       ##......     28%         3    ###....
 Fireball                 Conj/Fire      ###.......   80%         5    ######.


Dungeon Overview and Level Annotations

Branches:
Dungeon (4/15)
 Temple: D:4-7

Altars:
Dithmenos
Elyvilon
Xom


Message History

Press: ? - help, Shift-Dir - straight line, f/p - orc priest
Aim: an orc priest, wielding a +0 dagger and wearing a +0 leather armour (severely wounded)
The flame tongue hits the orc priest but does no damage.
The orc priest is severely wounded.
An orc comes into view. It is wielding a +0 flail.
The orc priest hits you but does no damage.
The orc priest looks braver for a moment.
Casting: Flame Tongue (safe; 4% risk of failure)
Confirm with . or Enter, or press ? or * to list all spells.
Aiming: Flame Tongue (safe; 4% risk of failure)
Press: ? - help, Shift-Dir - straight line, f/p - orc priest
Aim: an orc priest, wielding a +0 dagger and wearing a +0 leather armour (severely wounded)
You miscast Flame Tongue.
You are very lightly contaminated with residual magic.
Nothing appears to happen.
You are feeling very hungry.
The orc priest barely misses you.
The orc priest calls down the wrath of Beogh upon you.
Beogh smites you!
You die...

#################
#...............#
#...............#.....#
#...............#.....#
#.oo..o@........#.....#
##.##...##......#.....#
##...##......#.....##
#............#.......
#......).....#.......
#............#.......
#............#.......
+............#.......
#########..>.##'#####


You could see 2 orc priests and an orc.

Vanquished Creatures
  A centaur skeleton (D:4)
  A bullfrog skeleton (D:3)
  2 orc wizards (D:3)
  4 adders
  A shadow imp (D:3)
  An ooze (D:3)
  2 worms (D:3)
  A dart slug (D:2)
  5 leopard geckos
  4 orcs
  2 bats
  A giant cockroach (D:1)
  4 goblins
  6 hobgoblins
  A quokka (D:4)
  A ball python (D:3)
  4 frilled lizards
  4 kobolds
  3 rats
48 creatures vanquished.

Notes
Turn   | Place    | Note
-------+----------+-------------------------------------------
     0 | D:1      | nikopol the Deep Elf Fire Elementalist began the quest for
                  | the Orb.
     0 | D:1      | Reached XP level 1. HP: 10/10 MP: 6/6
   132 | D:1      | Reached XP level 2. HP: 15/15 MP: 1/8
   673 | D:1      | Learned a level 2 spell: Throw Flame
   877 | D:2      | Found a shadowy altar of Dithmenos.
  1028 | D:2      | Reached XP level 3. HP: 19/19 MP: 5/9
  1578 | D:3      | Reached XP level 4. HP: 16/24 MP: 4/11
  1588 | D:3      | Learned a level 3 spell: Conjure Flame
  1593 | D:3      | Learned a level 4 spell: Sticky Flame
  2143 | D:3      | Reached XP level 5. HP: 8/28 MP: 0/13
  2683 | D:4      | Got an ichor-stained ring mail
  2694 | D:4      | Identified the +4 ring mail of Vahuep {rC+ Stlth+} (You
                  | found it on level 4 of the Dungeon)
  2800 | D:4      | Found a shimmering altar of Xom.
  2863 | D:4      | Found a white marble altar of Elyvilon.
  2894 | D:4      | Reached skill level 1 in Armour
  2938 | D:4      | HP: 1/28 [orc priest/nerve-wracking pain (3)]
  2940 | D:4      | Killed from afar by an orc priest

Levels and vault maps discovered:
D:1:      co_arrival_square_in_a_square_in_a_square, layout_loops_ring,
          minivault_11
D:2:      layout_loops_cross, grunt_dithmenos_smoke
D:3:      layout_basic, first_ration, minmay_misc_feat_plants
D:4:      layout_gridville, elyvilon_altar_4, kennysheep_mini_moat,
          serial_shops, kennysheep_little_box, minmay_misc_feat_tiny

Skill      XL: |  1  2  3  4  5 |
---------------+----------------+-----
Conjurations   | 2 3 |  3.5
Fire Magic     | 4 |  4.3
Stealth        | 3 |  3.2
Spellcasting   | 4 |  4.5
Armour         | 1 |  1.0
Dodging        | |  2.9

Action                   |  1- 3 |  4- 6 || total
-------------------------+-------+-------++-------
Melee: Staff             |       |     1 ||     1
 Cast: Flame Tongue      |    60 |    60 ||   120
  Eat: Chunk             |     2 |     3 ||     5
Armor: Robe              |     2 |     4 ||     6
Dodge: Dodged            |    16 |    25 ||    41

Table legend:
 A = Non-vault XP
 B = Vault XP
 C = Vault XP percentage of total XP
 D = Non-vault monster count
 E = Vault monster count
 F = Vault count percentage of total count
                 A         B        C        D         E       F
            +---------+---------+-------+---------+---------+-------
      Total |     308 |       0 |   0.0 |      48 |       0 |   0.0
            +---------+---------+-------+---------+---------+-------
        D:1 |      25 |       0 |   0.0 |      14 |       0 |   0.0
        D:2 |      28 |       0 |   0.0 |       8 |       0 |   0.0
        D:3 |     196 |       0 |   0.0 |      22 |       0 |   0.0
        D:4 |      59 |       0 |   0.0 |       4 |       0 |   0.0
            +---------+---------+-------+---------+---------+-------
